 Dungeon Crawl Stone Soup version 0.20.1-1-g8b1a95d (webtiles) character file.

28216 Mitsuki the Fighter (level 13, -2/119 HPs)
             Began as a Hill Orc Fighter on Oct 7, 2017.
             Was a High Priest of Okawaru.
             Killed from afar by a frost giant (40 damage)
             ... with a bolt of cold
             ... in an ice cave.
             The game lasted 00:50:29 (23180 turns).

Mitsuki the Fighter (Hill Orc Fighter)             Turns: 23180, Time: 00:50:29

Health: -2/119     AC: 28    Str: 22    XL:     13   Next: 37%
Magic:  17/19      EV:  9    Int:  8    God:    Okawaru [*****.]
Gold:   679        SH: 14    Dex: 10    Spells: 12/12 levels left

rFire    . . .     SeeInvis .   a - +1 trident
rCold    . . .     Gourm    .   c - +0 shield
rNeg     . . .     Faith    .   b - +0 plate armour
rPois    .         Spirit   .   t - +0 helmet
rElec    .         Reflect  .   y - +2 cloak
rCorr    .         Harm     .   (no gloves)
MR       .....                  e - +2 pair of boots {Stlth+}
Stlth    ..........             (no amulet)
Regen    0.3/turn               (no ring)
MPRegen  0.2/turn               (no ring)

@: heroism
A: claws 1, yellow scales 1, weak 1, subdued magic 1
a: Heroism, Finesse, Renounce Religion


You were in an ice cave.
You worshipped Okawaru.
Okawaru was extremely pleased with you.
You were hungry.

You visited 3 branches of the dungeon, and saw 15 of its levels.
You also visited: Sewer and Ice Cave.

You collected 947 gold pieces.
You spent 268 gold pieces at shops.

Inventory:

Hand Weapons
 a - a +1 trident (weapon)
 C - a +5 spear of freezing
Missiles
 I - 7 steel tomahawks (quivered)
Armour
 b - a +0 plate armour (worn)
 c - a +0 shield (worn)
 e - a +2 pair of boots of stealth (worn)
 i - the +1 chain mail of the Queen {rElec rN+}
   (You bought it in a shop on level 6 of the Dungeon)

   It insulates you from electricity.
   It protects you from negative energy.
 t - a +0 helmet (worn)
 y - a +2 cloak (worn)
Magical Staves
 h - an uncursed staff of poison {unknown}
Jewellery
 j - an uncursed amulet of rage
 K - an uncursed ring of fire
Wands
 q - a wand of iceblast (10/15)
 s - a wand of disintegration (0/24)
 D - a wand of lightning (6/15)
 E - a wand of random effects (32/48)
 H - a wand of random effects (28/48)
 N - a wand of confusion (3/48)
Scrolls
 k - 3 scrolls of magic mapping
 o - a scroll of amnesia {unknown}
 p - 3 scrolls of teleportation
 v - a scroll of immolation {unknown}
 B - a scroll of fog
 J - a scroll of fear
 M - a scroll of blinking
Potions
 d - 3 potions of might
 g - a potion of invisibility
 n - 5 potions of flight
 w - a potion of berserk rage {unknown}
 z - 5 potions of curing
Books
 u - a book of Changes

   Spells                             Type                      Level
   a - Beastly Appendage              Transmutation                1
   b - Sticks to Snakes               Transmutation                2
   c - Spider Form                    Transmutation/Poison         3
   d - Ice Form                       Ice/Transmutation            4
   e - Blade Hands                    Transmutation                5
 x - a book of Alchemy

   Spells                             Type                      Level
   a - Sublimation of Blood           Necromancy                   2
   b - Ignite Poison                  Fire/Transmutation/Poison    3
   c - Petrify                        Transmutation/Earth          4
   d - Alistair's Intoxication        Transmutation/Poison         5
   e - Irradiate                      Conjuration/Transmutation    5
 A - a book of Misfortune

   Spells                             Type                      Level
   a - Confusing Touch                Hexes                        1
   b - Confuse                        Hexes                        3
   c - Gell's Gravitas                Translocation                3
   d - Petrify                        Transmutation/Earth          4
   e - Metabolic Englaciation         Hexes/Ice                    5
   f - Yara's Violent Unravelling     Hexes/Transmutation          5
Comestibles
 f - 14 bread rations
 l - 2 royal jellies
 r - 4 meat rations


   Skills:
 + Level 12.4(17.4) Fighting
 + Level 11.2(16.2) Polearms
 + Level 11.2(16.2) Armour
 + Level 11.6(16.6) Shields
 + Level 6.9 Invocations
 + Level 8.3 Evocations


You had 12 spell levels left.
You didn't know any spells.

Dungeon Overview and Level Annotations

Branches:
Dungeon (10/15)            Temple (1/1) D:6            Lair (4/6) D:10
  Swamp (0/4) Lair:4        Snake (0/4) Lair:4          Orc (0/2) D:10

Altars:
Ashenzari
Cheibriados
Dithmenos
Elyvilon
Fedhas
Gozag
Hepliaklqana
Kikubaaqudgha
Makhleb
Nemelex Xobeh
Okawaru
Qazlal
Ru
Sif Muna
Trog
Uskayaw
Vehumet
Xom
Yredelemnul
Zin
The Shining One

Shops:
D:5 (?*?:   D:6 [   D:9 *   D:10 *


Innate Abilities, Weirdness & Mutations

You have sharp fingernails.
You are partially covered in yellow scales. (AC +2)
You are weak. (Str -2)
Your spells are a little easier to cast, but a little less powerful.


Message History

You puncture the polar bear!
The polar bear is almost dead.
The polar bear is engulfed in freezing vapours.
The polar bear dies!
Okay, then.
The frost giant points at you and mumbles some strange words.
The bolt of cold hits you! The frost giant casts a spell at you.
The bolt of cold hits you!
The death yak is engulfed in freezing vapours.
You are feeling hungry.
The frost giant casts a spell at you. The bolt of cold hits you!
* * * LOW HITPOINT WARNING * * *
Okay, then.
Okay, then.
You gain the combat prowess of a mighty hero.
The frost giant gestures at you while chanting.
The bolt of cold hits you!
You die...

..##...##≈≈≈≈≈≈##§YY### ###
..###..#≈≈≈≈≈≈≈≈#§##.C#####.###
.##..###≈≈≈≈≈≈≈≈≈≈.#.#..##.#..###
####..##≈≈≈≈≈≈≈##≈#.####..####C.#
###..##≈≈≈≈≈≈≈##.§####### #..##
#...####≈≈≈# ####CY.### ##...
##..####≈≈≈######....#...###..⌠.
##..#.##≈≈##..##.....####..###...
#....#.≈######..@...## ##.CY...#
######### ######## ########


You could see a frost giant and a death yak.

Vanquished Creatures
  Erolcha (D:9)
  A catoblepas (Lair:3)
  The ghost of Andry07 the Fighter, a journeyman GrFi of Okawaru (D:10)
  7 death yaks
  A two-headed ogre (D:8)
  Sonja (Lair:2)
  An ice statue (IceCv)
  A centaur zombie (D:10)
  7 spiny frogs
  5 komodo dragons
  2 rime drakes
  2 ice devils (Lair:4)
  3 trolls
  16 polar bears
  3 hippogriffs
  A spriggan (D:7)
  3 wyverns
  20 yaks
  A hungry ghost (D:7)
  Duvessa (D:6)
  A soldier ant (D:10)
  7 water moccasins
  7 porcupines
  3 ice beasts
  An orc warrior (D:5)
  2 phantoms
  3 sky beasts
  A black bear (D:7)
  4 ogres
  24 wolves
  5 crocodiles
  5 centaurs
  2 big kobolds
  4 bullfrogs
  Dowan (D:6)
  A wyvern zombie (D:7)
  2 scorpions
  A howler monkey (D:6)
  4 electric eels
  6 crimson imps
  A quasit (D:8)
  2 centaur skeletons
  6 hounds
  A gnoll shaman (D:4)
  Crazy Yiuf (D:2)
  2 orc priests
  3 bullfrog skeletons
  5 iguanas
  A jelly (D:7)
  Natasha (thrice) (D:2)
  Terence (D:3)
  6 orc wizards
  4 worker ants
  A killer bee zombie (D:5)
  2 hound skeletons
  6 adders
  4 gnolls (D:4)
  2 river rats
  An adder zombie (D:9)
  4 adder skeletons
  2 worms
  4 dart slugs
  16 leopard geckos
  18 orcs
  A ball python (D:6)
  5 giant cockroaches
  8 goblins
  7 hobgoblins
  21 jackals
  7 quokkas
  15 bats
  10 frilled lizards
  2 jackal skeletons
  17 kobolds
  2 quokka skeletons (D:4)
  16 rats
  3 plants
372 creatures vanquished.

Vanquished Creatures (others)
  3 polar bears (IceCv)
  An orc (D:6)
  A hobgoblin (D:3)
  3 fungi (Lair:2)
  5 plants
13 creatures vanquished.

Grand Total: 385 creatures vanquished

Notes
Turn   | Place    | Note
-------+----------+-------------------------------------------
     0 | D:1      | Mitsuki the Hill Orc Fighter began the quest for the Orb.
     0 | D:1      | Reached XP level 1. HP: 19/19 MP: 1/1
   201 | D:1      | Reached XP level 2. HP: 26/27 MP: 2/2
   250 | D:1      | Reached skill level 4 in Fighting
   498 | D:1      | Reached XP level 3. HP: 33/33 MP: 3/3
   803 | D:2      | Noticed Natasha
   806 | D:2      | Killed Natasha
   806 | D:2      | Reached XP level 4. HP: 32/41 MP: 4/4
   825 | D:2      | Noticed Natasha
   832 | D:2      | Killed Natasha
   840 | D:2      | Noticed Natasha
   867 | D:2      | Killed Natasha
  1117 | D:2      | Reached XP level 5. HP: 47/47 MP: 5/5
  1517 | D:2      | Found a runed door.
  1834 | D:2      | Noticed Crazy Yiuf
  1843 | D:2      | Killed Crazy Yiuf
  2236 | D:3      | Reached skill level 5 in Fighting
  2267 | D:3      | Noticed Terence
  2282 | D:3      | Killed Terence
  2282 | D:3      | Reached XP level 6. HP: 56/56 MP: 6/6
  2958 | D:4      | Found a glowing drain.
  2967 | Sewer    | Entered a sewer
  3072 | Sewer    | Reached skill level 5 in Shields
  3100 | Sewer    | Found a white marble altar of Elyvilon.
  3273 | D:4      | Reached skill level 5 in Armour
  3273 | D:4      | Reached XP level 7. HP: 51/61 MP: 7/7
  4188 | D:4      | Reached skill level 6 in Fighting
  4191 | D:4      | Got a dazzling quarterstaff
  4325 | D:4      | Reached skill level 5 in Polearms
  4437 | D:5      | Entered Level 5 of the Dungeon
  4519 | D:5      | Found Dyschey's Book Shoppe.
  4570 | D:5      | Found Isaaxt's Magic Scroll Shoppe.
  4582 | D:5      | Bought a scroll of noise for 12 gold pieces
  4588 | D:5      | Found Awurus's Magic Scroll Emporium.
  4603 | D:5      | Found Coidiffe's Weapon Emporium.
  4817 | D:5      | Reached XP level 8. HP: 71/71 MP: 8/8
  5088 | D:5      | Found Widulani's General Store.
  5838 | D:6      | Found Nagolec's Antique Armour Boutique.
  5861 | D:5      | Reached skill level 7 in Fighting
  6525 | D:6      | Bought a transparent chain mail for 256 gold pieces
  6535 | D:6      | Identified the +1 chain mail of the Queen {rElec rN+} (You bought it in a shop on level 6 of the Dungeon)
  6942 | D:6      | Reached XP level 9. HP: 19/79 MP: 9/9
  7093 | D:6      | Noticed Duvessa
  7304 | D:6      | Killed Duvessa
  7375 | D:6      | Found a staircase to the Ecumenical Temple.
  7384 | Temple   | Entered the Ecumenical Temple
  7401 | Temple   | Became a worshipper of Warmaster Okawaru
  7454 | Temple   | Reached skill level 8 in Fighting
  7751 | D:6      | Noticed Dowan
  7813 | D:6      | Killed Dowan
  8455 | D:7      | Reached skill level 1 in Invocations
  8489 | D:7      | Reached skill level 1 in Evocations
  8978 | D:7      | Reached * piety under Okawaru
  9797 | D:8      | Noticed a two-headed ogre
  9853 | D:8      | Killed a two-headed ogre
  9853 | D:8      | Reached ** piety under Okawaru
  9853 | D:8      | Reached XP level 10. HP: 76/90 MP: 10/12
 10015 | D:8      | Reached skill level 9 in Fighting
 10018 | D:8      | Gained mutation: You are resistant to electric shocks. (rElec) [mutagenic meat]
 10019 | D:8      | Gained mutation: You have large cloven feet. [mutagenic meat]
 10020 | D:8      | Gained mutation: You evolve. [mutagenic meat]
 10022 | D:8      | Gained mutation: You are weak. (Str -2) [mutagenic meat]
 10267 | D:8      | Found a shimmering altar of Xom.
 11591 | D:9      | Reached *** piety under Okawaru
 11822 | D:9      | Found Kaumyla's Assorted Antiques.
 12066 | D:9      | Noticed Erolcha
 12088 | D:9      | Killed Erolcha
 12129 | D:9      | Gained mutation: You have a pair of small horns on your head. [evolution]
 12428 | D:10     | Entered Level 10 of the Dungeon
 12460 | D:10     | Noticed Andry07's ghost (journeyman GrFi)
 12487 | D:9      | Reached **** piety under Okawaru
 12709 | D:10     | Killed Andry07's ghost
 12709 | D:10     | Reached XP level 11. HP: 64/99 MP: 14/14
 12750 | D:10     | Reached skill level 10 in Fighting
 13414 | D:10     | Found a staircase to the Orcish Mines.
 13674 | D:10     | Found Teup's General Store.
 13696 | D:10     | Found a staircase to the Lair.
 13737 | D:10     | Reached skill level 5 in Evocations
 13743 | Lair:1   | Entered Level 1 of the Lair of Beasts
 14691 | Lair:1   | Reached ***** piety under Okawaru
 15154 | Lair:1   | Received a gift from Okawaru
 15448 | Lair:1   | Reached skill level 10 in Shields
 15789 | Lair:1   | Lost mutation: You have a pair of small horns on your head. [potion of mutation]
 15789 | Lair:1   | Lost mutation: You are weak. (Str -2) [potion of mutation]
 15789 | Lair:1   | Lost mutation: You evolve. [potion of mutation]
 15789 | Lair:1   | Lost mutation: You have large cloven feet. [potion of mutation]
 15789 | Lair:1   | Gained mutation: You are partially covered in molten scales. (AC +2) [potion of mutation]
 15789 | Lair:1   | Gained mutation: You are clumsy. (Dex -2) [potion of mutation]
 15789 | Lair:1   | Gained mutation: Your muscles are strong. (Str +2) [potion of mutation]
 15790 | Lair:1   | Lost mutation: Your muscles are strong. (Str +2) [potion of mutation]
 15790 | Lair:1   | Lost mutation: You are partially covered in molten scales. (AC +2) [potion of mutation]
 15790 | Lair:1   | Lost mutation: You are clumsy. (Dex -2) [potion of mutation]
 15790 | Lair:1   | Gained mutation: You are frail. (-10% HP) [potion of mutation]
 15790 | Lair:1   | Gained mutation: You are partially covered in yellow scales. (AC +2) [potion of mutation]
 15791 | Lair:1   | Lost mutation: You are frail. (-10% HP) [potion of mutation]
 15791 | Lair:1   | Lost mutation: You are resistant to electric shocks. (rElec) [potion of mutation]
 15791 | Lair:1   | Gained mutation: You are weak. (Str -2) [potion of mutation]
 15791 | Lair:1   | Gained mutation: Your spells are a little easier to cast, but a little less powerful. [potion of mutation]
 15791 | Lair:1   | Gained mutation: You have sharp fingernails. [potion of mutation]
 16347 | Lair:2   | Noticed a death yak
 16349 | Lair:2   | Noticed a death yak
 16349 | Lair:2   | Noticed a death yak
 16363 | Lair:2   | Noticed a death yak
 16364 | Lair:2   | Noticed a death yak
 16365 | Lair:2   | Noticed a death yak
 16395 | Lair:2   | Killed a death yak
 16408 | Lair:2   | Killed a death yak
 16408 | Lair:2   | Reached skill level 11 in Fighting
 16420 | Lair:2   | Killed a death yak
 16420 | Lair:2   | Reached skill level 10 in Armour
 16420 | Lair:2   | Reached XP level 12. HP: 56/110 MP: 16/16
 16431 | Lair:2   | Killed a death yak
 16431 | Lair:2   | Received a gift from Okawaru
 16454 | Lair:2   | Killed a death yak
 16454 | Lair:2   | Reached skill level 10 in Polearms
 16464 | Lair:2   | Killed a death yak
 16465 | Lair:2   | Got a twisted large shield {god gift}
 16535 | Lair:1   | Identified the -5 large shield of the Slug {rElec Dex+6} (Okawaru gifted it to you on level 2 of the Lair of Beasts)
 17957 | Lair:3   | Noticed Sonja
 18218 | Lair:2   | Killed Sonja
 20100 | Lair:3   | Noticed a catoblepas
 20247 | Lair:3   | Killed a catoblepas
 20247 | Lair:3   | Reached skill level 5 in Invocations
 20360 | Lair:4   | Found a staircase to the Swamp.
 20704 | Lair:4   | Found a frozen archway.
 20729 | Lair:4   | Reached skill level 12 in Fighting
 20885 | IceCv    | Entered an ice cave
 21702 | IceCv    | Reached XP level 13. HP: 101/118 MP: 18/18
 22795 | IceCv    | Noticed a frost giant
 23180 | IceCv    | Killed from afar by a frost giant

Skill      XL: |  1  2  3  4  5  6  7  8  9 10 11 12 13 |
---------------+----------------------------------------+-----
Fighting       | 4 5 6 7 8 9 11 12 | 12.4
Shields        | 4 5 6 8 9 10 11 | 11.6
Armour         | 4 5 6 7 8 10 11 | 11.2
Polearms       | 3 4 5 6 7 8 9 10 11 | 11.2
Invocations    | 3 4 5 6 |  6.9
Evocations     | 2 4 6 7 8 |  8.3

Action                   |  1- 3 |  4- 6 |  7- 9 | 10-12 | 13-15 || total
-------------------------+-------+-------+-------+-------+-------++-------
Melee: Trident           |   116 |   388 |   673 |  1312 |   365 ||  2854
       Unarmed           |       |     3 |       |       |       ||     3
       Headbutt          |       |       |       |    87 |       ||    87
Invok: Heroism           |       |       |     1 |    12 |     4 ||    17
       Finesse           |       |       |       |     1 |     2 ||     3
Evoke: Wand              |       |       |       |     4 |     6 ||    10
  Use: Scroll            |       |     8 |       |    15 |       ||    23
       Potion            |       |       |     2 |    11 |     3 ||    16
 Stab: Confused          |       |       |       |     4 |       ||     4
  Eat: Chunk             |       |     9 |    19 |    36 |     5 ||    69
       Fruit             |       |       |     1 |     6 |       ||     7
       Royal jelly       |       |       |     1 |     2 |       ||     3
       Meat ration       |       |       |       |     1 |       ||     1
Armor: Scale mail        |    45 |   234 |   111 |       |       ||   390
       Skin              |       |     1 |       |       |       ||     1
       Chain mail        |       |       |   129 |   357 |       ||   486
       Plate armour      |       |       |       |   217 |   192 ||   409
Dodge: Dodged            |    22 |   119 |   127 |   249 |    66 ||   583
Block: Shield            |    44 |   227 |   287 |   639 |   242 ||  1439
